 Dungeon Crawl Stone Soup version 0.31-a0-108-gdf935468f2 (webtiles) character file.

Game seed: 5182743693482777753

104 senseless the Shooter (level 5, -3/41 HPs)
             Began as a Formicid Hunter on May 27, 2023.
             Slain by a gnoll
             ... wielding a +0 flail
              (9 damage)
             ... on level 3 of the Dungeon.
             The game lasted 00:05:03 (1812 turns).

senseless the Shooter (Formicid Hunter)             Turns: 1812, Time: 00:05:03

Health: -3/41      AC:  3    Str: 16    XL:     5   Next: 7%
Magic:  5/5        EV: 12    Int:  8    God:
Gold:   96         SH:  0    Dex: 19    Spells: 4/4 levels left

rFire   . . .        a - +0 shortbow
rCold   . . .        (no shield)
rNeg    . . .        c - +0 leather armour
rPois   .            (helmet unavailable)
rElec   .            (no cloak)
rCorr   .            (no gloves)
SInv    +            (no boots)
Will    .....        (no amulet)
Stlth   ++           (no ring)
HPRegen 0.26/turn    (no ring)
MPRegen 0.09/turn

%: no passive effects
@: no status effects
A: permanent stasis, dig shafts and tunnels, antennae 3, four strong arms
a: Dig, Shaft Self


You were on level 3 of the Dungeon.
You visited 1 branch of the dungeon, and saw 3 of its levels.

You collected 96 gold pieces.

Inventory:

Hand Weapons
 a - a +0 shortbow (weapon)
Armour
 c - a +0 leather armour (worn)
Scrolls
 b - a scroll of immolation
 d - a scroll of magic mapping {unknown}
 g - a scroll of teleportation {unknown}
Potions
 e - a potion of heal wounds {unknown}
 f - a potion of attraction {unknown}
 h - a potion of berserk rage {unknown}


   Skills:
 * Level 3.4 Fighting
 * Level 4.7 Ranged Weapons
 * Level 1.5 Armour
 - Level 2.2 Dodging
 - Level 1.2 Stealth
 + Level 1.3 Shields


You had 4 spell levels left.
You didn't know any spells.
Your spell library contained the following spells:

 Spells                   Type           Power      Damage    Failure   Level
 Ensorcelled Hibernation  Hex/Ice        0%         N/A       63%         2
 Passwall                 Tmut/Erth      0%         N/A       63%         2
 Inner Flame              Hex/Fire       0%         N/A       85%         3
 Yara's Violent Unravell  Hex/Tmut       0%         3d3       100%        5
 Enfeeble                 Hex            0%         N/A       100%        7
 Swiftness                Air            Unusable   N/A       N/A         3

Dungeon Overview and Level Annotations

Branches:
Dungeon (3/15)

Altars:

Shops:
D:2 (=


Innate Abilities, Weirdness & Mutations

You cannot be hasted, slowed, berserked, paralysed or teleported.
You can dig through walls and to a lower floor.
You have a pair of large antennae on your head. (SInv)
Your four strong arms can wield two-handed weapons with a shield.


Message History

The arrow hits the gnoll.
The gnoll is moderately wounded.
You shoot an arrow. The arrow barely misses the gnoll.
You shoot an arrow.
The arrow hits the gnoll but does no damage.
The gnoll is moderately wounded.
A gnoll comes into view. It is wielding a +0 spear.
You shoot an arrow. The arrow hits the gnoll.
The gnoll is moderately wounded.
You shoot an arrow. The arrow hits the gnoll.
The gnoll is heavily wounded.
A gnoll comes into view. It is wielding a +0 flail.
You shoot an arrow. The arrow barely misses the gnoll.
The arrow completely misses the gnoll.
The gnoll shouts!
You shoot an arrow.
The arrow hits the gnoll but does no damage.
The gnoll is heavily wounded.
The gnoll hits you with a +0 flail!
You shoot an arrow. The arrow hits the gnoll.
The gnoll is almost dead.
The gnoll hits you from afar with a +0 spear.
The gnoll misses you.
You shoot an arrow. The arrow hits the gnoll.
You kill the gnoll!
The gnoll hits you from afar with a +0 spear.
You have reached level 5!
You shoot an arrow. The arrow hits the gnoll.
The gnoll is heavily wounded.
A rat comes into view.
The gnoll closely misses you. The gnoll misses you.
The rat moves out of view.
You shoot an arrow. The arrow closely misses the gnoll.
The arrow hits the gnoll.
The gnoll is almost dead.
The gnoll hits you from afar with a +0 spear!
The gnoll hits you with a +0 flail!
* * * LOW HITPOINT WARNING * * *
You are too injured to fight recklessly!
The gnoll attacks as you move away! The gnoll hits you with a +0 flail!
You die...

......#.# ........#
......####### .)..
.....<....... .......
.†..###############.......
.#...# ###........... (
.....#######...####.#.)##..
#....##....................
##...........#..@.......#..
.......#######..g..........
.......... #..g.......#
####....### #......)...#
#....# #.........?..#
.....# ###.............
#...#.# ##..##..#####.
#...#.. #.###... #. #.#..


You could see 2 gnolls.

Vanquished Creatures
  Robin (D:2)
  3 adders (D:2)
  2 gnolls (D:3)
  A worm (D:2)
  3 ball pythons
  3 endoplasms (D:1)
  16 goblins
  3 hobgoblins
  2 bats
  A frilled lizard (D:1)
  5 kobolds
  4 rats
  A butterfly (D:1)
45 creatures vanquished.

Notes
Turn   | Place    | Note
-------+----------+-------------------------------------------
     0 | D:1      | senseless the Formicid Hunter began the quest for the Orb.
     0 | D:1      | Reached XP level 1. HP: 16/16 MP: 1/1
   246 | D:1      | Reached XP level 2. HP: 21/23 MP: 2/2
   585 | D:1      | Reached XP level 3. HP: 28/28 MP: 3/3
   784 | D:2      | Found a faded altar of an unknown god.
   871 | D:2      | Noticed Robin
   891 | D:2      | Killed Robin
   892 | D:2      | Reached XP level 4. HP: 6/35 MP: 4/4
  1018 | D:2      | Reached skill level 1 in Armour
  1047 | D:2      | Found Feontof's Weapon Emporium.
  1055 | D:2      | Found Geawygor's Jewellery Shop.
  1073 | D:2      | Reached skill level 1 in Shields
  1807 | D:3      | Reached XP level 5. HP: 21/41 MP: 5/5
  1812 | D:3      | Slain by a gnoll

Illustrated notes

Levels and vault maps discovered:
D:1:      spicycebolla_arrival_clurvy, layout_basic
D:2:      layout_basic, serial_shops, nicolae_shop_tiny_statue_garden,
          nicolae_shop_hallway_plus, dreamdust_ecumenical_altar_grove,
          uniq_robin
D:3:      layout_rooms, minmay_between

Skill      XL: |  1  2  3  4 |
---------------+-------------+-----
Dodging        | 2 |  2.2
Fighting       | 3 |  3.4
Armour         | 1 |  1.5
Shields        | 1 |  1.3
Ranged Weapons | |  4.7
Stealth        | |  1.2

Action                     |  1- 3 |  4- 6 || total
---------------------------+-------+-------++-------
   Fire: Shortbow          |    86 |    45 ||   131
Ability: Dig               |     5 |       ||     5
 Armour: Leather armour    |    13 |     3 ||    16
  Dodge: Dodged            |    21 |     9 ||    30

Table legend: (Time is in decaauts)
 A = Elapsed time spent in this place.
 B = Non-inter-level travel time spent in this place.
 C = Inter-level travel time spent in this place.
 D = Time resting spent in this place.
 E = Time spent auto-exploring this place.
 F = Levels seen in this place.
 G = Mean time per level.
                   A        B        C        D        E       F      G
               +--------+--------+--------+--------+--------+-----+--------+
         Total |   1838 |   1754 |     84 |      0 |   1473 |   3 |  612.7 |
       Dungeon |   1838 |   1754 |     84 |      0 |   1473 |   3 |  612.7 |
               +--------+--------+--------+--------+--------+-----+--------+

Top non-repeatable levels by time:
     D:2: 1034 daAuts
     D:1: 752 daAuts
     D:3: 52 daAuts
